 Dungeon Crawl Stone Soup version 0.29-a0-352-g0917bc69df (webtiles) character file.

Game seed: 431412699788543549

6057 pokeman the Thaumaturge (level 10, 0/56 HPs)
             Began as a Deep Elf Hedge Wizard on Apr 24, 2022.
             Was an Elder of Vehumet.
             Asphyxiated
             ... on level 8 of the Dungeon.
             The game lasted 00:26:04 (10390 turns).

pokeman the Thaumaturge (Deep Elf Hedge Wizard)    Turns: 10390, Time: 00:26:05

Health: 0/56       AC:  9    Str:  7    XL:     10   Next: 57%
Magic:  8/29       EV: 13    Int: 24    God:    Vehumet [****..]
Gold:   472        SH:  0    Dex: 14    Spells: 20/36 levels left

rFire   . . .      SeeInvis +   S - +0 hunting sling (freeze)
rCold   . . .      Faith    .   (no shield)
rNeg    . . .      Spirit   .   P - +0 steam dragon scales
rPois   .          Reflect  .   u - +0 helmet
rElec   .          Harm     .   (no cloak)
rCorr   .          Rampage  .   f - +0 pair of gloves
Will    +....                   y - +0 pair of boots
Stlth   +++.......              (no amulet)
HPRegen 0.18/turn               T - ring of see invisible
MPRegen 0.21/turn               (no ring)

@: lethally poisoned (0 -> -15), slowed, very slow
A: no striking features
a: Renounce Religion


You were on level 8 of the Dungeon.
You worshipped Vehumet.
Vehumet was greatly pleased with you.
You visited 1 branch of the dungeon, and saw 9 of its levels.

You collected 472 gold pieces.

Inventory:

Hand Weapons
 H - a +1 short sword of venom
 S - a +0 hunting sling of freezing (weapon)
Missiles
 E - 6 curare-tipped darts
 I - a throwing net
Armour
 f - a +0 pair of gloves (worn)
 p - a +0 buckler
 u - a +0 helmet (worn)
 y - a +0 pair of boots (worn)
 P - +0 steam dragon scales (worn)
Magical Staves
 h - a staff of fire
Jewellery
 C - an amulet of faith
 F - a ring of ice
 T - a ring of see invisible (left hand)
Wands
 c - a wand of digging (6)
 j - a wand of flame (7)
 G - a wand of polymorph (11)
 R - a wand of iceblast (12)
Scrolls
 a - 4 scrolls of blinking {unknown}
 e - 5 scrolls of identify {unknown}
 g - a scroll of immolation {unknown}
 i - a scroll of amnesia {unknown}
 l - 2 scrolls of holy word {unknown}
 m - 2 scrolls of magic mapping {unknown}
 n - 6 scrolls of noise {unknown}
 q - a scroll of summoning {unknown}
 r - 2 scrolls of fear {unknown}
 v - 3 scrolls of enchant weapon {unknown}
 w - a scroll of vulnerability {unknown}
 D - 3 scrolls of fog {unknown}
 J - 2 scrolls of brand weapon {unknown}
 M - a scroll of torment {unknown}
 N - 2 scrolls of teleportation {unknown}
 O - a scroll of silence {unknown}
 Q - a scroll of enchant armour {unknown}
Potions
 b - 5 potions of mutation {unknown}
 d - a potion of magic
 k - 2 potions of berserk rage {unknown}
 o - 3 potions of curing
 s - a potion of lignification {unknown}
 t - 4 potions of might {unknown}
 x - 5 potions of brilliance {unknown}
 z - 2 potions of flight {unknown}
 A - a potion of attraction {unknown}
 B - a potion of cancellation {unknown}
 K - a potion of invisibility {unknown}
 L - a potion of haste {unknown}


   Skills:
 - Level 4.0 Fighting
 + Level 3.2 Armour
 - Level 3.0 Dodging
 - Level 4.1 Stealth
 * Level 13.8 Spellcasting
 + Level 7.9 Conjurations
 - Level 1.1 Summonings
 - Level 1.1 Translocations
 + Level 6.0 Fire Magic
 - Level 2.1 Air Magic
 - Level 1.1 Poison Magic
 - Level 3.1 Evocations


You had 20 spell levels left.
You knew the following spells:

 Your Spells              Type           Power      Damage    Failure   Level
a - Magic Dart            Conj           100%       1d8       1%          1
b - Mephitic Cloud        Conj/Pois/Air  34%        N/A       1%          3
c - Call Imp              Summ           21%        N/A       3%          2
d - Blink                 Tloc           42%        N/A       3%          2
e - Conjure Flame         Conj/Fire      50%        6-21      1%          3
f - Foxfire               Conj/Fire      100%       2x1d9     1%          1
g - Flame Wave            Conj/Fire      50%        2d10      1%          4

Your spell library contained the following spells:

 Spells                   Type           Power      Damage    Failure   Level
 Dazzling Flash           Conj/Hex       70%        N/A       1%          3
 Slow                     Hex            64%        N/A       3%          1
 Swiftness                Air            26%        N/A       4%          3
 Ensorcelled Hibernation  Hex/Ice        32%        N/A       5%          2
 Passwall                 Tmut/Erth      13%        N/A       5%          2
 Sublimation of Blood     Necr           16%        N/A       5%          2
 Gell's Gravitas          Tloc           21%        N/A       7%          3
 Teleport Other           Tloc           21%        N/A       7%          3
 Confusing Touch          Hex            16%        N/A       11%         3
 Tukima's Dance           Hex            16%        N/A       11%         3
 Vampiric Draining        Necr           16%        2d7       11%         3
 Passage of Golubria      Tloc           21%        N/A       22%         4
 Yara's Violent Unravell  Hex/Tmut       8%         3d5       24%         5
 Dispel Undead            Necr           16%        3d10      34%         4
 Dispersal                Tloc           10%        N/A       98%         6
 Malign Gateway           Summ/Tloc      10%        N/A       100%        7
 Infestation              Necr           8%         N/A       100%        8
 Summon Horrible Things   Summ           10%        N/A       100%        8


Dungeon Overview and Level Annotations

Branches:
Dungeon (9/15)             Temple (0/1) D:7
   Lair: D:8-11         Orc: D:9-12

Altars:
Cheibriados
Hepliaklqana
Qazlal
Sif Muna
Vehumet
Yredelemnul
Zin

Shops:
D:3 [


Message History

The wraith closely misses your iron imp.
Casting: Call Imp (safe; 3% risk of failure)
Confirm with . or Enter, or press ? or * to list all spells.
The fire begins to smoulder!
You feel sick. The wraith barely misses your iron imp.
Your iron imp closely misses the wraith.
Unknown command.
You feel sick.
The wraith closely misses your iron imp.
The wraith barely misses your iron imp.
Your iron imp hits the wraith but does no damage.
The fire ignites!
Your +1 short sword of venom stops dripping with poison.
Your +0 hunting sling of freezing is covered in frost.
S - a +0 hunting sling of freezing (weapon)
You feel sick. The wraith hits your iron imp.
Unknown command.
You feel sick.
You are no longer poisoned.
The wraith hits your iron imp!
Your iron imp dies!
Your iron imp disappears in a puff of smoke!
Fire: S) +0 hunting sling (freeze)
Press: ? - help, Q - select action, (/) - cycle Shift-Dir - straight line, f - kobold brigand
Aim: a kobold brigand, wielding a +0 short sword and quivering curare-tipped darts (moderately wounded, 50% to hit)
You shoot a sling bullet.
The sling bullet hits the wraith but does no damage.
The wraith is moderately damaged.
Unknown command.
Fire: S) +0 hunting sling (freeze)
Press: ? - help, Q - select action, (/) - cycle Shift-Dir - straight line, f/p - kobold brigand
Aim: a kobold brigand, wielding a +0 short sword and quivering curare-tipped darts (moderately wounded, 50% to hit)
You shoot a sling bullet.
The sling bullet hits the wraith but does no damage.
The wraith is moderately damaged.
The kobold brigand throws a curare-tipped dart.
The curare-tipped dart hits you.
You are lethally poisoned!
You have difficulty breathing.
You die...

### ##..## ##..### ###.##
##....# ###.###
##....###.....## ####...##.
##......#...#...####....§....
#.......#...#.....##).####.#.
##............##......###..##
#...........#.###....)###...
##........###..K.....>......
##.....[..@§W###...........
#.##...####..##...........
###....###..###...........
###.........# ######....#.
##...#.......########....#.
#...##.......##⌠_.'........
##.>#......####⌠_.'...##.).
###...#......######8###......
##.......##....#.).#####...))#


You could see a wraith and a kobold brigand.

Vanquished Creatures
  Pikel (D:4)
  Joseph (D:7)
  3 meliai (D:8)
  A hornet (D:7)
  Prince Ribbit (D:5)
  Grinder (D:3)
  Sigmund (D:5)
  A shadow (D:8)
  A yak (D:8)
  2 steam dragons
  Menkaure (D:4)
  Duvessa (D:4)
  4 orc warriors
  A sky beast (D:8)
  An ice beast (D:8)
  2 ogres
  A phantom (D:6)
  A kobold brigand (D:5)
  5 bullfrogs
  4 scorpions
  A gnoll sergeant (D:7)
  4 wights (D:7)
  Dowan (D:4)
  3 killer bees (D:8)
  3 howler monkeys
  7 orc priests
  A gnoll shaman (D:4)
  3 hounds
  3 jellies
  Jessica (D:2)
  4 iguanas
  3 orc wizards
  18 gnolls
  10 adders
  3 shadow imps
  2 white imps (D:5)
  An ufetubus (D:6)
  A worm (D:5)
  3 dart slugs
  53 orcs
  5 endoplasms
  3 giant cockroaches (D:1)
  11 hobgoblins
  8 jackals
  6 quokkas
  4 ball pythons
  5 bats
  8 frilled lizards
  16 goblins
  15 kobolds
  7 rats
247 creatures vanquished.

Vanquished Creatures (collateral kills)
  2 gnolls (D:2)
  An endoplasm (D:2)
  A goblin (D:2)
  A foxfire (D:5)
5 creatures vanquished.

Vanquished Creatures (others)
  441 foxfires
  15 fungi
  2 plants (D:5)
458 creatures vanquished.

Grand Total: 710 creatures vanquished

Notes
Turn   | Place    | Note
-------+----------+-------------------------------------------
     0 | D:1      | pokeman the Deep Elf Hedge Wizard began the quest for the
                  | Orb.
     0 | D:1      | Reached XP level 1. HP: 10/10 MP: 7/7
   221 | D:1      | Reached XP level 2. HP: 16/16 MP: 3/9
   577 | D:1      | Reached skill level 5 in Spellcasting
   998 | D:1      | Reached XP level 3. HP: 20/20 MP: 9/11
  1002 | D:1      | Learned a level 3 spell: Mephitic Cloud
  1005 | D:1      | Learned a level 2 spell: Call Imp
  1008 | D:1      | Learned a level 2 spell: Blink
  1012 | D:1      | Learned a level 3 spell: Conjure Flame
  1152 | D:2      | Reached skill level 1 in Armour
  1177 | D:2      | Reached skill level 1 in Fighting
  1584 | D:2      | Reached XP level 4. HP: 25/25 MP: 11/13
  1753 | D:2      | Found a faded altar of an unknown god.
  1785 | D:2      | Noticed Jessica
  1788 | D:2      | Killed Jessica
  1876 | D:2      | Reached skill level 1 in Fire Magic
  1969 | D:2      | Reached XP level 5. HP: 27/29 MP: 4/15
  2368 | D:2      | Reached skill level 6 in Spellcasting
  2904 | D:3      | Found Miunoisep's Antique Armour Shop.
  3229 | D:3      | Noticed Grinder
  3299 | D:3      | Paralysed by Grinder for 3 turns
  3300 | D:3      | Killed Grinder
  3301 | D:3      | Reached skill level 7 in Spellcasting
  3301 | D:3      | Reached skill level 1 in Air Magic
  3301 | D:3      | Reached XP level 6. HP: 18/34 MP: 13/18
  3966 | D:4      | Noticed Duvessa
  3966 | D:4      | Noticed Dowan
  3977 | D:4      | Killed Dowan
  3990 | D:4      | Killed Duvessa
  3991 | D:4      | Reached XP level 7. HP: 30/38 MP: 2/20
  4041 | D:4      | Reached skill level 1 in Poison Magic
  4133 | D:4      | Found a radiant altar of Vehumet.
  4142 | D:4      | Became a worshipper of Vehumet
  4150 | D:4      | Found a transporter.
  4169 | D:4      | Reached skill level 8 in Spellcasting
  4171 | D:4      | Noticed Pikel
  4177 | D:4      | Killed Pikel
  4178 | D:4      | Reached skill level 9 in Spellcasting
  4178 | D:4      | Reached XP level 8. HP: 42/44 MP: 5/23
  4502 | D:4      | Found a glowing silver altar of Zin.
  4688 | D:4      | Found a transporter.
  5111 | D:4      | Noticed Menkaure
  5119 | D:4      | Killed Menkaure
  5120 | D:4      | Reached skill level 5 in Conjurations
  5287 | D:4      | Reached * piety under Vehumet
  5287 | D:4      | Offered knowledge of Sandblast by Vehumet.
  5381 | D:5      | Entered Level 5 of the Dungeon
  5429 | D:5      | Reached skill level 10 in Spellcasting
  6136 | D:5      | Offered knowledge of Foxfire by Vehumet.
  6139 | D:5      | Learned a level 1 spell: Foxfire
  6149 | D:5      | Reached ** piety under Vehumet
  6470 | D:5      | Noticed Sigmund
  6476 | D:5      | Killed Sigmund
  6536 | D:5      | Reached XP level 9. HP: 48/48 MP: 20/25
  6586 | D:5      | Noticed Prince Ribbit
  6593 | D:5      | Killed Prince Ribbit
  6594 | D:5      | Reached skill level 11 in Spellcasting
  7259 | D:6      | Found a basalt altar of Yredelemnul.
  7437 | D:6      | Offered knowledge of Poisonous Vapours by Vehumet.
  7457 | D:6      | Got the Almanac of Enchanting Necromancy
  7933 | D:6      | Found a stormy altar of Qazlal.
  8112 | D:7      | Reached skill level 12 in Spellcasting
  8240 | D:7      | Noticed Joseph
  8272 | D:7      | Killed Joseph
  8390 | D:7      | Reached *** piety under Vehumet
  8643 | D:7      | Found a staircase to the Ecumenical Temple.
  8832 | D:7      | Reached XP level 10. HP: 56/56 MP: 24/28
  8887 | D:7      | Offered knowledge of Flame Wave by Vehumet.
  9225 | D:8      | Reached skill level 5 in Fire Magic
  9274 | D:8      | Found a snail-covered altar of Cheibriados.
  9334 | D:8      | Reached skill level 13 in Spellcasting
  9948 | D:8      | Reached **** piety under Vehumet
 10191 | D:8      | Learned a level 4 spell: Flame Wave
 10247 | D:8      | Found a hazy altar of Hepliaklqana.
 10250 | D:8      | Found a shimmering blue altar of Sif Muna.
 10390 | D:8      | Asphyxiated

Illustrated notes

Levels and vault maps discovered:
D:1:      lightli_arrival_noodles, layout_rooms, minmay_misc_feat_alley,
          chequers_jeans
D:2:      layout_basic, shapermc_ecumenical_altar_pompeii, uniq_jessica
D:3:      layout_basic, serial_shops, shop, uniq_grinder
D:4:      gammafunk_wand_slinger, layout_loops_ring, old_standard_altar,
          vehumet_crystals, uniq_menkaure, uniq_duvessa, uniq_pikel
D:5:      corexii_shantytown, layout_cave_pods, serial_park, serial_park_square3
          [serial_park_minivault_5x5_1], serial_park_gazebo
          [serial_park_minivault_5x5_6], serial_park_tiny_pond,
          serial_park_tiny_pond, uniq_sigmund, uniq_prince_ribbit1
D:6:      layout_rooms, nicolae_qazlal_eye_of_the_storm,
          mainiacjoe_overflow_cross_hatched, serial_aquarium,
          aquarium_bridge_square [aquarium_subvault_window,
          aquarium_subvault_balcony, aquarium_subvault_bridge,
          aquarium_subvault_window], aquarium_window_1, aquarium_window_1,
          aquarium_window_1, aquarium_window_fake, aquarium_view_2a,
          aquarium_view_2d, aquarium_balcony_1a
D:7:      layout_cave_pools, minmay_temple_entry_grid, serial_column_ruins,
          column_ruins_square_large, column_ruins_circle_medium,
          column_ruins_open_small, column_ruins_grid_3,
          column_ruins_open_medium, column_ruins_open_medium, uniq_joseph
D:8:      layout_cave_pools, overflow_temple_1_default,
          gammafunk_temple_overflow_wave, special_room [special_room_orc],
          nicolae_figureground_sparkle
D:9:      layout_big_octagon, trog_hazing_becter, tso_oasis_becter

Skill      XL: |  1  2  3  4  5  6  7  8  9 10 |
---------------+-------------------------------+-----
Spellcasting   | 5 7 9 10 12 13 | 13.8
Armour         | 1 2 3 |  3.2
Fighting       | 1 2 3 4 |  4.0
Conjurations   | 2 3 4 5 7 |  7.9
Fire Magic     | 1 2 4 6 |  6.0
Dodging        | 3 |  3.0
Stealth        | 3 4 |  4.1
Air Magic      | 1 2 |  2.1
Poison Magic   | 1 |  1.1
Evocations     | 2 3 |  3.1
Summonings     | |  1.1
Translocations | |  1.1

Action                   |  1- 3 |  4- 6 |  7- 9 | 10-12 || total
-------------------------+-------+-------+-------+-------++-------
Melee: Spear             |     2 |       |       |       ||     2
       Staff             |    23 |     7 |    12 |       ||    42
       Punch             |     1 |       |     2 |       ||     3
       Short sword       |       |       |    35 |    32 ||    67
 Fire: Hand crossbow     |       |     2 |       |       ||     2
       Hunting sling     |       |       |       |     2 ||     2
 Cast: Magic Dart        |    98 |    82 |   143 |    78 ||   401
       Call Imp          |       |     4 |       |     1 ||     5
       Mephitic Cloud    |       |     3 |    22 |    12 ||    37
       Blink             |       |     1 |     1 |     2 ||     4
       Conjure Flame     |       |     2 |     8 |     7 ||    17
       Foxfire           |       |       |   180 |    66 ||   246
 Stab: Confused          |       |     1 |     1 |     6 ||     8
Armor: Robe              |     1 |       |       |       ||     1
       Leather armour    |    14 |    11 |    26 |       ||    51
       Steam dragon scal |       |       |     3 |    23 ||    26
Dodge: Dodged            |    20 |    16 |    56 |    31 ||   123

Table legend: (Time is in decaauts)
 A = Elapsed time spent in this place.
 B = Non-inter-level travel time spent in this place.
 C = Inter-level travel time spent in this place.
 D = Time resting spent in this place.
 E = Time spent auto-exploring this place.
 F = Levels seen in this place.
 G = Mean time per level.
                   A        B        C        D        E       F      G
               +--------+--------+--------+--------+--------+-----+--------+
         Total |  10410 |  10117 |    293 |    410 |   7993 |   9 | 1156.7 |
       Dungeon |  10410 |  10117 |    293 |    410 |   7993 |   9 | 1156.7 |
               +--------+--------+--------+--------+--------+-----+--------+

Top non-repeatable levels by time:
     D:5: 1833 daAuts
     D:3: 1456 daAuts
     D:4: 1431 daAuts
     D:2: 1417 daAuts
     D:8: 1200 daAuts
     D:1: 1095 daAuts
     D:7: 1086 daAuts
     D:6: 872 daAuts
     D:9: 16 daAuts
